 Dungeon Crawl Stone Soup version 0.30.0-10-gfe55d96785 (webtiles) character file.

Game seed: 5777977468983964649

81424 caveywoolpert the Scorcher (level 15, -3/92 HPs)
             Began as a Gargoyle Earth Elementalist on May 14, 2023.
             Was a High Priest of Vehumet.
             Slain by a +3 glaive of protection (27 damage)
             ... on level 1 of the Elven Halls.
             The game lasted 00:38:02 (24133 turns).

caveywoolpert the Scorcher (GrEE)                  Turns: 24133, Time: 00:38:03

Health: -3/92      AC: 29    Str: 12    XL:     15   Next: 70%
Magic:  3/38       EV: 15    Int: 29    God:    Vehumet [*****.]
Gold:   3047       SH:  6    Dex: 10    Spells: 12/34 levels left

rFire   . . .        c - +7 eveningstar
rCold   + + .        O - +0 buckler
rNeg    + . .        L - +2 scale mail "Udwaroc" {rC++ MP+9 Int+3 Slay-3}
rPois   ∞            R - +0 helmet {Int+3}
rElec   +            T - +2 cloak
rCorr   .            f - +1 pair of gloves
SInv    .            (no boots)
Will    +....        l - amulet of regeneration Stlth
                     t - ring of wizardry
HPRegen 1.15/turn    A - +5 ring of evasion
MPRegen 0.26/turn

%: wizardry (x1)
@: flying
A: sickness immunity, AC +11, big wings, negative energy resistance 1,
electricity resistance, torment resistance 1, petrification resistance
a: Renounce Religion


You were on level 1 of the Elven Halls.
You worshipped Vehumet.
Vehumet was extremely pleased with you.
You visited 5 branches of the dungeon, and saw 24 of its levels.
You also visited: Ice Cave.

You collected 4059 gold pieces.
You spent 1012 gold pieces at shops.

Inventory:

Hand Weapons
 c - a +7 eveningstar (weapon)
Missiles
 M - 4 throwing nets
Armour
 f - a +1 pair of gloves (worn)
 F - a +0 troll leather armour
 L - the +2 scale mail "Udwaroc" (worn) {rC++ MP+9 Int+3 Slay-3}
   (You took it off an orc on level 11 of the Dungeon)

   Int:       It affects your intelligence (+3).
   Slay:      It affects your accuracy & damage with ranged weapons and melee
   (-3).
   rC:        It greatly protects you from cold.
   MP:        It affects your magic capacity (+9).
 O - a +0 buckler (worn)
 P - the +9 chain mail of Recklessness {rF+ rN+ Regen+}
   (You found it on level 5 of the Lair of Beasts)

   rF:        It protects you from fire.
   rN:        It protects you from negative energy.
   Regen:     It increases your rate of health regeneration.
 R - a +0 helmet of intelligence (worn)
 T - a +2 cloak (worn)
Magical Staves
 E - a staff of earth
Jewellery
 l - an amulet of regeneration (around neck)
 t - a ring of wizardry (left hand)
 A - a +5 ring of evasion (right hand)
 N - a ring of protection from fire
 V - a ring of ice
 W - a ring of ice
Wands
 s - a wand of acid (4)
 B - a wand of digging (3)
 C - a wand of polymorph (13)
 D - a wand of iceblast (16)
 H - a wand of flame (7)
 I - a wand of charming (9)
Scrolls
 a - 4 scrolls of enchant weapon
 g - 5 scrolls of fog
 j - a scroll of poison
 n - 3 scrolls of vulnerability
 o - 2 scrolls of immolation
 p - 4 scrolls of magic mapping
 q - a scroll of teleportation
 r - 2 scrolls of torment
 v - 4 scrolls of enchant armour
 x - 4 scrolls of brand weapon
 y - 4 scrolls of fear
 J - 4 scrolls of amnesia
 Q - 3 scrolls of blinking
 U - 2 scrolls of identify
Potions
 b - 2 potions of magic
 d - 8 potions of curing
 e - 8 potions of mutation
 h - 2 potions of haste
 i - 2 potions of attraction
 k - 2 potions of resistance
 m - 3 potions of lignification
 u - a potion of berserk rage
 w - 5 potions of heal wounds
 z - 4 potions of might
 G - a potion of cancellation {unknown}
 K - 4 potions of ambrosia
 S - a potion of invisibility {unknown}


   Skills:
 - Level 10.0 Fighting
 - Level 10.0 Armour
 - Level 5.0 Dodging
 - Level 2.1 Stealth
 - Level 10.0 Shields
 - Level 10.0 Spellcasting
 - Level 5.0 Conjurations
 - Level 0.7 Transmutations
 + Level 16.7 Fire Magic
 - Level 10.0 Earth Magic
 - Level 5.0 Poison Magic


You had 12 spell levels left.
You knew the following spells:

 Your Spells              Type           Power      Damage    Failure   Level
a - Sandblast             Erth           100%       2d20      1%          1
b - Stone Arrow           Conj/Erth      100%       3d13      1%          3
c - Olgreb's Toxic Radia  Pois           43%        N/A       2%          4
d - Ignite Poison         Fire/Tmut/Pois 55%        N/A       1%          3
e - Iron Shot             Conj/Erth      27%        9d6       13%         6
f - Lee's Rapid Deconstr  Erth           32%        3d16*     1%          5

Your spell library contained the following spells:

 Spells                   Type           Power      Damage    Failure   Level
 Eringya's Noxious Bog    Tmut/Pois      15%        N/A       58%         6
 Passwall                 Tmut/Erth      37%        N/A       1%          2
 Poisonous Vapours        Pois/Air       58%        N/A       1%          2
 Scorch                   Fire           100%       2d9       1%          2
 Inner Flame              Hex/Fire       58%        N/A       1%          3
 Mephitic Cloud           Conj/Pois/Air  33%        N/A       1%          3
 Flame Wave               Conj/Fire      67%        2d15      1%          4
 Sticky Flame             Conj/Fire      67%        2d8       1%          4
 Freeze                   Ice            56%        1d7       2%          1
 Sting                    Tmut/Pois      100%       1d8       2%          1
 Dazzling Flash           Conj/Hex       58%        N/A       2%          3
 Hailstorm                Conj/Ice       29%        3d8       2%          3
 Frozen Ramparts          Ice            28%        1d5       6%          3
 Slow                     Hex            56%        N/A       8%          1
 Summon Small Mammal      Summ           56%        N/A       8%          1
 Petrify                  Tmut/Erth      45%        N/A       9%          4
 Plasma Beam              Fire/Air       29%        2x1d45    10%         6
 Ignition                 Fire           42%        3d12      13%         8
 Irradiate                Conj/Tmut      15%        3d16      16%         5
 Arcjolt                  Conj/Air       14%        1d24      19%         5
 Call Canine Familiar     Summ           14%        N/A       21%         3
 Confusing Touch          Hex            14%        N/A       21%         3
 Summon Guardian Golem    Hex/Summ       14%        N/A       21%         3
 Vampiric Draining        Necr           14%        2d7       21%         3
 Vhi's Electric Charge    Tloc/Air       28%        N/A       21%         3
 Freezing Cloud           Conj/Ice/Air   12%        6-21      26%         5
 Summon Ice Beast         Ice/Summ       14%        N/A       54%         4
 Agony                    Necr           14%        N/A       86%         5
 Silence                  Hex/Air        7%         N/A       86%         5
 Summon Mana Viper        Hex/Summ       14%        N/A       86%         5
 Summon Cactus Giant      Summ           7%         N/A       100%        6
 Monstrous Menagerie      Summ           7%         N/A       100%        7
 Discord                  Hex            7%         N/A       100%        8
 Sublimation of Blood     Necr           Unusable   N/A       N/A         2

Dungeon Overview and Level Annotations

Branches:
Dungeon (15/15)            Temple (1/1) D:5            Lair (5/5) D:11
  Swamp (0/4) Lair:3        Snake (0/4) Lair:2        Slime (0/5) Lair:4
    Orc (2/2) D:10            Elf (1/3) Orc:2        Vaults (0/5) D:13
 Depths (0/4) D:15          IceCv (visited)

Altars:
Ashenzari
Cheibriados
Dithmenos
Elyvilon
Fedhas
Gozag
Kikubaaqudgha
Makhleb
Nemelex Xobeh
Okawaru
Qazlal
Ru
Sif Muna
Uskayaw
Vehumet
Xom
Yredelemnul
Zin
The Shining One

Shops:
D:4 :   D:8 [   D:10 !   D:13 (   D:14 *   Orc:2 *[(=

Portals:
Trove: D:14 (show slimy rune of Zot)

Annotations:
D:7 1 transporter


Innate Abilities, Weirdness & Mutations

You are immune to sickness and miasma.
Your stone body is resilient. (AC +11)
You are immune to poison.
Your large and strong wings let you fly.
You resist negative energy. (rN+)
You are resistant to electric shocks. (rElec)
You are resistant to unholy torment.
You are immune to petrification.


Message History

Press: ? - help, Shift-Dir - straight line, f/p - +3 glaive of protection
Aim: a +3 glaive of protection (severely damaged, 72% to hit)
The blast of sand hits the +3 glaive of protection but does no damage.
The +3 glaive of protection is severely damaged.
You block the +3 glaive of protection's attack.
The deep elf pyromancer gestures wildly while chanting.
The deep elf pyromancer blinks!
Unknown command.
Aiming: Corrosive Bolt
Press: ? - help, Shift-Dir - straight line, p - +3 glaive of protection The bolt of acid misses the +3 glaive of protection.
The +3 glaive of protection hits you from afar.
The deep elf pyromancer casts a spell.
The +3 glaive of protection hits you but does no damage.
Unknown command.
Aiming: Corrosive Bolt
Press: ? - help, Shift-Dir - straight line The bolt of acid hits the +3 glaive of protection but does no damage.
The +3 glaive of protection is severely damaged.
The deep elf pyromancer casts a spell.
The deep elf pyromancer blinks!
The +3 glaive of protection hits you but does no damage.
The +3 glaive of protection hits you but does no damage.
The +3 glaive of protection hits you but does no damage.
Your magical contamination has completely faded away.
There is an open door here.
Okay, then.
As you read the scroll of teleportation, it crumbles to dust.
You feel strangely unstable. The +3 glaive of protection hits you!!
The +3 glaive of protection attacks as you move away!
The +3 glaive of protection hits you but does no damage.
The +3 glaive of protection hits you from afar!
Your surroundings suddenly seem different.
You block the +3 glaive of protection's attack.
The deep elf pyromancer casts a spell at you.
The bolt of fire hits you!!
* * * LOW HITPOINT WARNING * * *
You barely miss the fire elemental. You block the fire elemental's attack.
The +3 glaive of protection hits you from afar!!
You die...

.+..# ### .#○.#... #..#
#○§#.. #..# #☼.#+# #..# #
#°... #..# #. #.☼. #..#
#..##'########..#
#....).E@.......# .#
#.....°.e.......# ..#.
#..#####(#####..# ..'. #.
#.........#..#...#. #
#.........#..#...#.
####+######).#...#
.............#...#
..............'...#
###########...####..#...#


You could see a deep elf pyromancer, a fire elemental (summoned) and a +3 glaive
of protection.

Vanquished Creatures
  Jorgrun (D:12)
  An orc warlord (Orc:2)
  Nessos (D:14)
  Azrael (Orc:2)
  An ettin (Orc:2)
  Josephine (Lair:3)
  4 hydras
  Harold (Lair:1)
  3 boulder beetles
  A catoblepas (D:15)
  2 death knights
  5 centaur warriors
  3 two-headed ogres
  4 dancing weapons (Elf:1)
  3 tengu warriors
  Sonja (Lair:2)
  Urug (D:13)
  4 orc high priests (Orc:2)
  Nergalle (Lair:3)
  4 skeletal warriors (D:13)
  A deep elf knight (Elf:1)
  A skyshark (Lair:3)
  2 bog bodies (Lair:3)
  6 deep elf pyromancers
  4 orc knights
  A deep elf archer (Elf:1)
  2 wolf spider zombies (D:15)
  2 deep elf zephyrmancers (Elf:1)
  An oklob plant (Lair:5)
  5 orc sorcerers
  A necromancer (D:15)
  7 cyclopes
  A manticore (D:14)
  A faun (shapeshifter) (D:13)
  A salamander (Lair:2)
  2 ugly things
  A black mamba (Lair:5)
  Joseph (D:8)
  A naga mage (D:15)
  A gargoyle (D:14)
  A rime drake (shapeshifter) (D:13)
  13 cane toads
  5 komodo dragons
  5 kobold demonologists
  An unseen horror (D:11)
  3 yaktaurs (D:15)
  2 rime drakes
  3 freezing wraiths
  An efreet (D:15)
  A tengu conjurer (D:15)
  5 polar bears
  4 trolls
  A harpy skeleton (D:15)
  21 blink frogs
  3 centaur simulacra
  2 vampires (D:10)
  A wyvern (Lair:5)
  6 basilisks
  6 wraiths
  29 yaks
  4 fire elementals
  A water elemental (Elf:1)
  2 death yak simulacra (IceCv)
  10 vampire mosquitoes
  3 wargs
  14 water moccasins
  4 hell hounds
  Duvessa (D:7)
  2 acid dragons
  2 ice beasts
  A meliai simulacrum (D:15)
  A hornet zombie (D:15)
  A sky beast (D:7)
  41 orc warriors
  A black bear (D:6)
  8 ogres
  14 centaurs
  A boggart (shapeshifter) (D:13)
  2 wolves (D:12)
  2 phantoms
  3 kobold brigands
  An earth elemental (Elf:1)
  6 bullfrogs
  A cane toad simulacrum (IceCv)
  9 scorpions
  6 wights
  Dowan (D:7)
  24 killer bees
  5 electric eels
  3 lava snakes (Lair:2)
  3 small abominations (Lair:5)
  16 orc priests
  2 hounds
  10 jellies (Lair:4)
  A gnoll bouda (D:7)
  2 iguanas
  A sleepcap (D:8)
  Jessica (D:2)
  26 orc wizards
  A polar bear simulacrum (IceCv)
  5 gnolls (D:7)
  11 adders
  22 white imps
  7 ufetubi
  A worm (D:2)
  A dart slug (D:1)
  71 orcs
  9 endoplasms
  5 giant cockroaches
  3 goblins
  7 hobgoblins
  2 jackals (D:1)
  6 quokkas
  8 ball pythons
  8 bats
  A frilled lizard (D:2)
  23 kobolds
  2 rats
  2 butterflies (D:10)
629 creatures vanquished.

Vanquished Creatures (others)
  A scorpion (D:6)
1 creature vanquished.

Grand Total: 630 creatures vanquished

Notes
Turn   | Place    | Note
-------+----------+-------------------------------------------
     0 | D:1      | caveywoolpert the Gargoyle Earth Elementalist began the
                  | quest for the Orb.
     0 | D:1      | Reached XP level 1. HP: 10/10 MP: 3/3
    37 | D:1      | You fall into a shaft and drop 1 floor!
   177 | D:2      | Reached XP level 2. HP: 14/15 MP: 1/5
   239 | D:2      | Noticed Jessica
   247 | D:2      | Killed Jessica
   248 | D:2      | Reached XP level 3. HP: 19/19 MP: 2/7
   252 | D:2      | Learned a level 3 spell: Stone Arrow
   611 | D:1      | Reached XP level 4. HP: 24/24 MP: 3/8
  1087 | D:1      | Reached skill level 1 in Conjurations
  1375 | D:2      | Learned a level 4 spell: Olgreb's Toxic Radiance
  1397 | D:2      | Reached skill level 5 in Earth Magic
  1775 | D:2      | Reached XP level 5. HP: 28/28 MP: 6/9
  2064 | D:3      | Noticed a phantom
  2076 | D:3      | Killed a phantom
  2077 | D:3      | Reached skill level 1 in Poison Magic
  2444 | D:4      | Found Napsuty's Tiny Tomes.
  2573 | D:4      | Reached XP level 6. HP: 32/32 MP: 8/11
  2640 | D:4      | Found a snail-covered altar of Cheibriados.
  2644 | D:4      | Found an ancient bone altar of Kikubaaqudgha.
  2673 | D:4      | Found a shadowy altar of Dithmenos.
  2679 | D:4      | Found a broken altar of Ashenzari.
  2679 | D:4      | Found a glowing golden altar of the Shining One.
  2707 | D:4      | Found a basalt altar of Yredelemnul.
  2711 | D:4      | Found a white marble altar of Elyvilon.
  3193 | D:5      | Entered Level 5 of the Dungeon
  3606 | D:5      | Noticed a water moccasin
  3610 | D:5      | Killed a water moccasin
  3611 | D:5      | Reached skill level 1 in Fighting
  3611 | D:5      | Reached skill level 1 in Armour
  3611 | D:5      | Reached XP level 7. HP: 38/38 MP: 9/13
  3639 | D:5      | Found a staircase to the Ecumenical Temple.
  3651 | Temple   | Entered the Ecumenical Temple
  3667 | Temple   | Became a worshipper of Vehumet
  3774 | D:5      | Found a sacrificial altar of Ru.
  4425 | D:6      | Reached XP level 8. HP: 31/44 MP: 2/14
  5122 | D:4      | Bought Guskacs's Meditations on the Body for 112 gold
                  | pieces
  5126 | D:4      | Learned a level 3 spell: Ignite Poison
  5257 | D:7      | Reached * piety under Vehumet
  5257 | D:7      | Offered knowledge of Foxfire by Vehumet.
  5432 | D:7      | Reached skill level 5 in Spellcasting
  5525 | D:7      | Reached XP level 9. HP: 52/52 MP: 8/16
  5651 | D:7      | Noticed Duvessa
  5651 | D:7      | Noticed Dowan
  5653 | D:7      | Killed Dowan
  5656 | D:7      | Killed Duvessa
  5657 | D:7      | Reached skill level 5 in Conjurations
  6008 | D:7      | Found a shimmering blue altar of Sif Muna.
  6320 | D:7      | Found a transporter.
  6507 | D:8      | Reached skill level 5 in Poison Magic
  6547 | D:8      | Reached skill level 5 in Fighting
  6547 | D:8      | Reached skill level 5 in Armour
  6694 | D:8      | Reached XP level 10. HP: 59/59 MP: 13/19
  6697 | D:8      | Reached ** piety under Vehumet
  6820 | D:8      | Found Maeczish's Antique Armour Shoppe.
  7014 | D:8      | Noticed Joseph
  7119 | D:8      | Killed Joseph
  7494 | D:9      | Offered knowledge of Magic Dart by Vehumet.
  7763 | D:9      | Found a shimmering altar of Xom.
  8157 | D:9      | Noticed a cyclops
  8164 | D:9      | Killed a cyclops
  8392 | D:10     | Entered Level 10 of the Dungeon
  8446 | D:10     | Offered knowledge of Static Discharge by Vehumet.
  8447 | D:10     | Reached skill level 1 in Fire Magic
  8447 | D:10     | Noticed a two-headed ogre
  8448 | D:10     | Reached skill level 10 in Earth Magic
  8454 | D:10     | Killed a two-headed ogre
  8455 | D:10     | Reached skill level 2 in Fire Magic
  8455 | D:10     | Reached XP level 11. HP: 67/67 MP: 3/22
  8556 | D:10     | Found a staircase to the Orcish Mines.
  8834 | D:10     | Found a transporter.
  8836 | D:10     | Found Corosch's Distillery.
  8849 | D:10     | Reached *** piety under Vehumet
  9018 | D:10     | Found a runed translucent door.
  9025 | D:10     | Found a runed translucent door.
  9029 | D:10     | Reached skill level 3 in Fire Magic
  9165 | D:10     | Found a stormy altar of Qazlal.
  9271 | D:10     | Found a transporter.
  9380 | D:11     | Noticed a cyclops
  9381 | D:11     | Noticed a two-headed ogre
  9384 | D:11     | Killed a cyclops
  9385 | D:11     | Killed a two-headed ogre
  9385 | D:11     | Noticed a boulder beetle
  9396 | D:10     | Killed a boulder beetle
  9509 | D:11     | Offered knowledge of Iskenderun's Mystic Blast by Vehumet.
  9517 | D:11     | Identified the +2 scale mail "Udwaroc" {rC++ MP+9 Int+3
                  | Slay-3}
  9521 | D:11     | Reached skill level 4 in Fire Magic
  9554 | D:11     | Reached **** piety under Vehumet
  9809 | D:11     | Offered knowledge of Dazzling Flash by Vehumet.
  9973 | D:11     | Noticed a green ugly thing
  9981 | D:11     | Killed a green ugly thing
 10384 | D:11     | Found a staircase to the Lair.
 10503 | Lair:1   | Entered Level 1 of the Lair of Beasts
 10721 | Lair:1   | Noticed Harold
 10726 | Lair:1   | Reached skill level 5 in Fire Magic
 10728 | Lair:1   | Killed Harold
 10729 | Lair:1   | Reached XP level 12. HP: 62/76 MP: 13/24
 10945 | Lair:1   | Reached skill level 6 in Fire Magic
 11773 | Lair:2   | Reached skill level 1 in Shields
 11811 | Lair:2   | Noticed Sonja
 11813 | Lair:2   | Killed Sonja
 11907 | Lair:2   | Reached skill level 10 in Fighting
 11907 | Lair:2   | Reached skill level 10 in Armour
 12306 | Lair:1   | Reached skill level 7 in Fire Magic
 12711 | Lair:2   | Found a staircase to the Snake Pit.
 12867 | Lair:3   | Reached skill level 10 in Spellcasting
 12944 | Lair:3   | Reached XP level 13. HP: 78/82 MP: 21/27
 13063 | Lair:3   | Found a staircase to the Swamp.
 13068 | Lair:3   | Reached skill level 5 in Shields
 13124 | Lair:3   | Noticed Josephine
 13129 | Lair:3   | Killed Josephine
 13130 | Lair:3   | Reached skill level 8 in Fire Magic
 13149 | Lair:3   | Reached ***** piety under Vehumet
 13149 | Lair:3   | Offered knowledge of Iron Shot by Vehumet.
 13368 | Lair:3   | Learned a level 6 spell: Iron Shot
 13386 | Lair:3   | Noticed Nergalle
 13397 | Lair:3   | Killed Nergalle
 14191 | Lair:4   | Found a staircase to the Slime Pits.
 14846 | Lair:5   | Entered Level 5 of the Lair of Beasts
 14955 | Lair:5   | Reached skill level 9 in Fire Magic
 15236 | Lair:5   | Found a blossoming altar of Fedhas.
 15475 | Lair:5   | Identified the +9 chain mail of Recklessness {rF+ rN+
                  | Regen+}
 15875 | Lair:5   | Reached skill level 5 in Dodging
 16218 | Orc:1    | Entered Level 1 of the Orcish Mines
 16821 | Orc:2    | Entered Level 2 of the Orcish Mines
 16824 | Orc:2    | Noticed an ettin
 16831 | Orc:2    | Killed an ettin
 16832 | Orc:2    | Reached skill level 10 in Fire Magic
 16840 | Orc:1    | Gained mutation: Your large and strong wings let you fly.
                  | [Gargoyle growth]
 16840 | Orc:1    | Reached XP level 14. HP: 68/88 MP: 8/28
 17033 | Orc:2    | Found Igyskiof's General Store.
 17133 | Orc:2    | Found a burning altar of Makhleb.
 17178 | Orc:2    | Found Dablax's Antique Armour Emporium.
 17434 | Orc:2    | Found Dorosu's Jewellery Boutique.
 17581 | Orc:2    | Noticed an orc warlord
 17594 | Orc:2    | Killed an orc warlord
 17595 | Orc:2    | Reached skill level 10 in Shields
 17595 | Orc:2    | Reached skill level 11 in Fire Magic
 17595 | Orc:2    | Found Beufu's Antique Weapon Shoppe.
 17688 | Orc:2    | Found a staircase to the Elven Halls.
 17748 | Orc:2    | Offered knowledge of Lee's Rapid Deconstruction by Vehumet.
 17748 | Orc:2    | Noticed Azrael
 17902 | Orc:2    | Killed Azrael
 18273 | D:12     | Learned a level 5 spell: Lee's Rapid Deconstruction
 18323 | D:12     | Found a frozen archway.
 18333 | IceCv    | Entered an ice cave
 18476 | IceCv    | Found a transporter.
 18484 | IceCv    | Found a transporter.
 19006 | D:12     | Reached skill level 12 in Fire Magic
 19103 | D:12     | Noticed Jorgrun
 19122 | D:12     | Killed Jorgrun
 19849 | D:12     | Identified 3 scrolls of acquirement
 19850 | D:12     | Acquired 498 gold pieces
 19851 | D:12     | Acquired 694 gold pieces
 19852 | D:12     | Acquired 783 gold pieces
 19923 | Orc:2    | Bought a pair of embroidered gloves for 225 gold pieces
 19923 | Orc:2    | Bought a runed helmet for 225 gold pieces
 19923 | Orc:2    | Bought an embroidered cloak for 225 gold pieces
 19923 | Orc:2    | Bought a glowing cloak for 225 gold pieces
 20039 | D:13     | Offered knowledge of Spellforged Servitor by Vehumet.
 20067 | D:13     | Reached skill level 13 in Fire Magic
 20364 | D:13     | Found a gate to the Vaults.
 20504 | D:13     | Noticed Urug
 20511 | D:13     | Killed Urug
 20923 | D:13     | Found Nuerosch's Antique Weapon Boutique.
 21315 | D:14     | Found a portal to a secret trove of treasure.
 21336 | D:14     | Reached skill level 14 in Fire Magic
 21500 | D:14     | Reached XP level 15. HP: 92/92 MP: 29/29
 21680 | D:14     | Noticed Nessos
 21684 | D:14     | Killed Nessos
 21826 | D:14     | Found Zin's Purification Station.
 21829 | D:14     | Found a glowing silver altar of Zin.
 22301 | D:15     | Entered Level 15 of the Dungeon
 22368 | D:15     | Reached skill level 15 in Fire Magic
 22657 | D:15     | Offered knowledge of Eringya's Noxious Bog by Vehumet.
 23348 | D:15     | Found a staircase to the Depths.
 23351 | D:15     | Reached skill level 16 in Fire Magic
 23764 | Elf:1    | Entered Level 1 of the Elven Halls
 23841 | Elf:1    | Found a radiant altar of Vehumet.
 24133 | Elf:1    | Slain by a +3 glaive of protection

Illustrated notes

Levels and vault maps discovered:
D:1:      dpeg_arrival_ternary, layout_basic
D:2:      layout_basic, palyth_stone_intersect, uniq_jessica
D:3:      layout_rooms
D:4:      layout_loops_ring, nicolae_overflow_hallway_of_the_gods,
          nicolae_shop_i_like_small_books_too
D:5:      layout_rooms, hangedman_ru_absence, temple_hall, serial_demonic,
          serial_demonic_f, serial_demonic_b, serial_demonic_d, serial_demonic_c
D:6:      layout_rooms
D:7:      gammafunk_cloud_chamber, layout_loops_ring, kennysheep_orc_sif_temple,
          uniq_duvessa
D:8:      layout_gridville, serial_shops, nicolae_shop_just_a_little_nook,
          uniq_joseph
D:9:      layout_loops_cross, xom_teletrap_fun
D:10:     lemuel_insect_pit, layout_loops_ring, kennysheep_little_box,
          david_orc_2, serial_shops, nicolae_shop_drivethru
D:11:     layout_cave_pools, lair_entry_dummy, special_room [special_room_orc]
D:12:     layout_basic, serial_ice, serial_ice_g, serial_ice_n, serial_ice_m,
          serial_ice_c, serial_ice_k, serial_ice_d, portal_ice_cave_entry_imps,
          drop_trap, grunt_ministairs_4, uniq_jorgrun
D:13:     layout_loops_ring, david_vaults_2, serial_shops,
          nicolae_take_the_stairs, uniq_urug
D:14:     layout_basic, nicolae_kite_square_tiling_tiny, enter_trove_0,
          zin_purify, uniq_nessos
D:15:     grunt_enter_depths_magical_seal, layout_loops_ring
Temple:   nicolae_temple_bog_church
Lair:1:   layout_loops_ring, grunt_megastairs_2, uniq_harold
Lair:2:   layout_regular_city, nicolae_snake_entry_warm_welcome,
          infiniplex_staircase_pool, serial_bayou_shore_b, uniq_sonja
Lair:3:   layout_cellular_growth, nicolae_swamp_entry_splash_gauntlet,
          uniq_josephine, uniq_nergalle
Lair:4:   layout_loops_ring, minmay_slime_entry_jelly_boxes
Lair:5:   hellmonk_lair_end_abyssal_woods, layout_gridlike, tgw_fedhas
Orc:1:    layout_diamond_mine, nicolae_orc_pool_cavern
Orc:2:    grunt_orc_gardens, layout_diamond_mine, grunt_orc_garden,
          grunt_orc_garden, grunt_orc_garden, grunt_orc_garden, basic_altar,
          uniq_azrael
Elf:1:    eino_elf_arrival_altar, layout_onion_city, minmay_elf_crystal_hexagon,
          nicolae_shop_sticking_my_neck_out

Skill      XL: |  1  2  3  4  5  6  7  8  9 10 11 12 13 14 15 |
---------------+----------------------------------------------+-----
Earth Magic    | 4 5 6 7 8 10 | 10.0
Spellcasting   | 3 4 5 6 7 8 10 | 10.0
Conjurations   | 1 2 3 4 5 |  5.0
Poison Magic   | 1 2 3 4 5 |  5.0
Fighting       | 1 2 3 5 7 9 10 | 10.0
Armour         | 1 2 3 5 7 9 10 | 10.0
Fire Magic     | 2 5 7 10 14 16 | 16.7
Shields        | 4 8 10 | 10.0
Dodging        | 2 5 |  5.0
Stealth        | |  2.1
Transmutations | |  0.7

Action                     |  1- 3 |  4- 6 |  7- 9 | 10-12 | 13-15 || total
---------------------------+-------+-------+-------+-------+-------++-------
  Melee: Short sword       |       |     1 |    26 |       |       ||    27
         Staff             |       |       |       |     1 |    24 ||    25
         Eveningstar       |       |       |       |       |     1 ||     1
   Cast: Sandblast         |    30 |    90 |    71 |   104 |   274 ||   569
         Stone Arrow       |       |       |    19 |    61 |   140 ||   220
         Ignite Poison     |       |       |    15 |    62 |   144 ||   221
         Olgreb's Toxic Ra |       |       |    10 |    45 |    85 ||   140
         Lee's Rapid Decon |       |       |       |       |    21 ||    21
  Evoke: Wand              |       |       |       |     2 |     4 ||     6
    Use: Potion            |       |       |     1 |     1 |     2 ||     4
         Scroll            |       |       |     9 |     3 |    15 ||    27
 Armour: Robe              |     4 |    12 |    55 |     1 |       ||    72
         Troll leather arm |       |       |       |    38 |       ||    38
         Scale mail        |       |       |       |    17 |   181 ||   198
  Dodge: Dodged            |    12 |    30 |    66 |    55 |   261 ||   424
  Block: Buckler           |       |       |       |     6 |   103 ||   109
